 Seeded DCSS version 0.30.1-3-gfc49f6343a (webtiles) character file.

Game seed: 1607288259308109930 (custom seed)

16 CInkIbrahim the Slasher (level 2, 0/22 HPs)
             Began as a Demonspawn Gladiator on July 20, 2023.
             Slain by an endoplasm (1 damage)
             ... on level 2 of the Dungeon.
             The game lasted 00:01:15 (345 turns).

CInkIbrahim the Slasher (Demonspawn Gladiator)       Turns: 345, Time: 00:01:15

Health: 0/22       AC:  5    Str: 14    XL:     2   Next: 41%
Magic:  2/2        EV: 12    Int:  9    God:
Gold:   16         SH:  0    Dex: 14    Spells: 1/1 levels left

rFire   . . .        a - +0 long sword
rCold   . . .        (no shield)
rNeg    . . .        b - +0 leather armour
rPois   +            i - +2 hat
rElec   .            (no cloak)
rCorr   .            (no gloves)
SInv    .            (no boots)
Will    .....        (no amulet)
Stlth   +            f - ring of poison resistance
HPRegen 0.23/turn    (no ring)
MPRegen 0.08/turn

%: no passive effects
@: brilliant
A: demonic magic 1
a: no special abilities


You were on level 2 of the Dungeon.
You visited 1 branch of the dungeon, and saw 2 of its levels.

You collected 16 gold pieces.

Inventory:

Hand Weapons
 a - a +0 long sword (weapon)
Missiles
 d - 3 throwing nets (quivered)
 e - a javelin
Armour
 b - a +0 leather armour (worn)
 c - a +0 helmet
 i - a +2 hat (worn)
Jewellery
 f - a ring of poison resistance (left hand)
Scrolls
 g - a scroll of brand weapon {unknown}
 k - a scroll of identify {unknown}
 l - a scroll of teleportation {unknown}
Potions
 h - a potion of lignification {unknown}


   Skills:
 - Level 2.0 Fighting
 + Level 3.5 Long Blades
 - Level 1.7 Throwing
 - Level 2.6 Dodging


You had one spell level left.
You didn't know any spells.
Your spell library contained the following spells:

 Spells                   Type           Power      Damage    Failure   Level
 Freeze                   Ice            0%         1d3       45%         1
 Frozen Ramparts          Ice            0%         1d1       83%         3
 Hailstorm                Conj/Ice       0%         3d3       83%         3
 Animate Dead             Necr           0%         N/A       99%         4
 Haunt                    Necr/Summ      0%         N/A       100%        7
 Infestation              Necr           0%         N/A       100%        8


Dungeon Overview and Level Annotations

Branches:
Dungeon (2/15)

Altars:

Shops:
D:1 ::[:!


Innate Abilities, Weirdness & Mutations

Spells you cast may paralyse adjacent enemies.


Message History

The endoplasm hits you but does no damage.
The worm bites you!
There are monsters nearby!
You hit the worm but do no damage.
The worm is heavily wounded.
The rat bites you but does no damage. The endoplasm barely misses you.
The endoplasm misses you. The rat barely misses you.
There are monsters nearby!
You barely miss the worm.
The worm is heavily wounded.
The worm completely misses you. The endoplasm freezes you.
You are frozen.
The rat misses you.
There are monsters nearby!
You are too injured to fight recklessly!
You barely miss the worm.
The worm is moderately wounded.
The endoplasm freezes you.
You are frozen.
The rat barely misses you. The worm closely misses you.
You barely miss the worm.
The worm is moderately wounded.
The endoplasm hits you but does no damage.
The rat bites you. The worm bites you.
* * * LOW HITPOINT WARNING * * *
Unknown command.
You slash the worm!
The worm is severely wounded.
The rat bites you but does no damage.
The endoplasm hits you but does no damage.
The endoplasm barely misses you. The rat barely misses you.
You slash the worm!
You kill the worm!
The rat barely misses you. The endoplasm hits you.
* * * LOW HITPOINT WARNING * * *
It was a potion of brilliance.
You feel clever all of a sudden. The rat bites you.
* * * LOW HITPOINT WARNING * * *
The endoplasm hits you.
You die...

... ...... ...
..... ....
..... . #....
#... #..
#.#..##..##....
#..............
........†......
#...@J......
.......r.......
...............
........###....
..####### ... .
.. .


You could see an endoplasm and a rat.

Vanquished Creatures
  A worm (D:2)
  2 bats (D:1)
  2 endoplasms (D:1)
  A giant cockroach (D:1)
  A goblin (D:1)
  A hobgoblin (D:2)
  3 ball pythons (D:1)
  A frilled lizard (D:1)
  2 rats (D:1)
14 creatures vanquished.

Vanquished Creatures (others)
  A bat (D:2)
1 creature vanquished.

Grand Total: 15 creatures vanquished

Notes
Turn   | Place    | Note
-------+----------+-------------------------------------------
     0 | D:1      | CInkIbrahim the Demonspawn Gladiator began the quest for
                  | the Orb.
     0 | D:1      | Reached XP level 1. HP: 16/16 MP: 1/1
    73 | D:1      | Reached skill level 3 in Long Blades
   122 | D:1      | Found Biweimas's Book Shop.
   133 | D:1      | Found Zijei's Book Emporium.
   155 | D:1      | Found Hirutzo's Armour Shoppe.
   198 | D:1      | Gained mutation: Spells you cast may paralyse adjacent
                  | enemies. [demonic ancestry]
   198 | D:1      | Reached XP level 2. HP: 22/22 MP: 2/2
   217 | D:1      | Found Iroihad's Distillery.
   273 | D:1      | Found Dutofyhu's Book Shoppe.
   345 | D:2      | HP: 1/22 [rat (3)]
   345 | D:2      | Slain by an endoplasm

Illustrated notes

Levels and vault maps discovered:
D:1:      onia_arrival_handbag, layout_rooms, serial_shops, shop,
          nicolae_shop_crystal, shop, nicolae_shop_pleasant_corner_grove,
          nicolae_shop_tiny_glass
D:2:      layout_rooms, basic_altar, minmay_hedge_maze, minmay_misc_feat_alley,
          nrook_campfire

Skill      XL: |  1 |
---------------+----+-----
Long Blades    | 3 |  3.5
Fighting       | |  2.0
Throwing       | |  1.7
Dodging        | |  2.6

Action                     || total
---------------------------++-------
  Melee: Long sword        ||    43
         Punch             ||     1
    Use: Potion            ||     1
   Stab: Sleeping          ||     1
 Armour: Leather armour    ||    16
  Dodge: Dodged            ||    40
